 Dungeon Crawl Stone Soup version 0.29-a0-283-ga02f740833 (webtiles) character file.

Game seed: 14472975876670318905

49 Anunax the Firebug (level 3, -11/23 HPs)
             Began as a Deep Elf Cinder Acolyte on Mar 13, 2022.
             Was a Believer of Ignis.
             Mangled by Crazy Yiuf
             ... wielding a +2 quarterstaff of chaos
              (15 damage)
             ... on level 2 of the Dungeon.
             The game lasted 00:04:51 (2155 turns).

Anunax the Firebug (Deep Elf Cinder Acolyte)        Turns: 2155, Time: 00:04:51

Health: -11/23     AC:  2    Str: 13    XL:     3   Next: 51%
Magic:  7/7        EV: 11    Int: 20    God:    Ignis [**....]
Gold:   92         SH:  0    Dex: 10    Spells: 5/5 levels left

rFire   + . .      SeeInvis .   o - +7 hand axe of Death's Door {elec, rPois rCorr Str+2}
rCold   . . .      Faith    .   (no shield)
rNeg    . . .      Spirit   .   b - +0 robe
rPois   +          Reflect  .   (no helmet)
rElec   .          Harm     .   (no cloak)
rCorr   +          Rampage  .   (no gloves)
Will    .....                   (no boots)
Stlth   +.........              (no amulet)
HPRegen 0.07/turn               (no ring)
MPRegen 0.10/turn               (no ring)

@: no status effects
A: no striking features
a: Renounce Religion, Fiery Armour, Foxfire Swarm, Rising Flame


You were on level 2 of the Dungeon.
You worshipped Ignis.
Ignis was pleased with you.
You visited 1 branch of the dungeon, and saw 2 of its levels.

You collected 92 gold pieces.

Inventory:

Hand Weapons
 a - a -1 short sword of flaming
 o - the +7 hand axe of Death's Door (weapon) {elec, rPois rCorr Str+2}
   (You found it on level 2 of the Dungeon)

   It occasionally discharges a powerful burst of electricity upon striking a
   foe.
   Str:       It affects your strength (+2).
   rPois:     It protects you from poison.
   rCorr:     It protects you from acid and corrosion.
Missiles
 c - a throwing net (quivered)
Armour
 b - a +0 robe (worn)
 h - the +3 ring mail of the Weak Tick {Will++ rCorr Str+2}
   (You found it on level 1 of the Dungeon)

   Str:       It affects your strength (+2).
   rCorr:     It protects you from acid and corrosion.
   Will:      It greatly increases your willpower.
Magical Staves
 d - a staff of cold
Wands
 f - a wand of polymorph (7)
Scrolls
 e - 3 scrolls of teleportation {unknown}
 i - a scroll of enchant weapon {unknown}
 j - a scroll of holy word {unknown}
 k - a scroll of noise {unknown}
 l - 3 scrolls of identify {unknown}
 m - a scroll of enchant armour {unknown}
 n - 2 scrolls of magic mapping {unknown}
Potions
 g - a potion of heal wounds {unknown}


   Skills:
 + Level 3.1 Fighting
 + Level 3.2 Short Blades
 + Level 0.3 Dodging
 + Level 1.2 Stealth
 + Level 1.5 Spellcasting
 + Level 3.8 Fire Magic


You had 5 spell levels left.
You didn't know any spells.
Your spell library contained the following spells:

 Spells                   Type           Power      Damage    Failure   Level
 Scorch                   Fire           34%        2d6       4%          2


Dungeon Overview and Level Annotations

Branches:
Dungeon (2/15)

Altars:
Vehumet

Shops:
D:1 *   D:2 !

Annotations:
D:2 Crazy Yiuf


Message History

Found a radiant altar of Vehumet.
Found a stone staircase leading up.
You now have 92 gold pieces (gained 13).
There is a stone staircase leading up here.
You open the door.
There is an open door here.
There is an open door here.
A rat is nearby!
The rat barely misses you.
You slash the rat!
You kill the rat!
You open the door.
There is an open door here.
There is an open door here.
You see here a +0 leather armour.
You see here a +0 leather armour.
There is an escape hatch in the ceiling here.
Found a mace.
Found a runed translucent door.
There is an open door here.
There is an open door here.
You open the large door.
There is an open door here.
There is an open door here.
You open the door. Crazy Yiuf attacks as you move away!
Crazy Yiuf barely misses you. Crazy Yiuf attacks as you move away!
Crazy Yiuf hits you with a +2 quarterstaff of chaos!
Crazy Yiuf freezes you. Crazy Yiuf attacks as you move away!
Crazy Yiuf hits you with a +2 quarterstaff of chaos.
* * * LOW HITPOINT WARNING * * *
You resist with some effort.
Activating: Foxfire Swarm
Press: ? - help, Dir - look around, f - activate Flames leap up around you!
Crazy Yiuf barely misses you.
Your foxfire dissipates!
Crazy Yiuf attacks as you move away!
Crazy Yiuf hits you with a +2 quarterstaff of chaos!
Ouch! That really hurt!
You die...

.....###.#
#...# #.###.#
##..>....#
... ##.....#
##.#...#.##
#'# #...>.##
.#..#.....#
♣.♣♣
#...#.#######
.#.....#.##
♣♣.♣
##...........
.#........#
♣.♣♣
#.....#######
.#...####.#
♣♣v♣ #.....#
##........#
♣♣g♣♣
#....######
###..#####
♣♣v@v♣
#.........###
####..# ###
♣vv.v♣
#....##......
...)..# #.#


#vvvv# ##..#.+....## #####.# #.## #....####..#.#....# #.#
#..###...###.#..#<#.)..# #.###........#......#.#.#### #.....######.......##.#.#
# ######......#######.......#.# # #....'......+.....#.......#.# ## You could see
Crazy Yiuf (ally target).

Vanquished Creatures
  An adder (D:2)
  A dart slug (D:2)
  An orc (D:2)
  A bat (D:2)
  An endoplasm (D:1)
  A giant cockroach (D:1)
  8 goblins
  4 hobgoblins
  2 quokkas (D:1)
  5 ball pythons
  4 kobolds
  3 rats (D:2)
32 creatures vanquished.

Vanquished Creatures (others)
  52 foxfires
52 creatures vanquished.

Grand Total: 84 creatures vanquished

Notes
Turn   | Place    | Note
-------+----------+-------------------------------------------
     0 | D:1      | Anunax the Deep Elf Cinder Acolyte began the quest for the
                  | Orb.
     0 | D:1      | Reached XP level 1. HP: 13/13 MP: 5/5
    99 | D:1      | Reached XP level 2. HP: 12/18 MP: 6/6
   272 | D:1      | Found a faded altar of an unknown god.
   288 | D:1      | Found Posys's Assorted Antiques.
   302 | D:1      | Identified the +3 ring mail of the Weak Tick {Will++ rCorr
                  | Str+2}
  1114 | D:2      | Reached XP level 3. HP: 11/23 MP: 7/7
  1490 | D:2      | Reached skill level 1 in Stealth
  1658 | D:2      | Found Umeorris's Distillery.
  1826 | D:2      | Identified the +7 hand axe of Death's Door {elec, rPois
                  | rCorr Str+2}
  1844 | D:2      | Found a radiant altar of Vehumet.
  2055 | D:2      | Found a runed translucent door.
  2056 | D:2      | Noticed Crazy Yiuf
  2155 | D:2      | Mangled by Crazy Yiuf

Illustrated notes

Levels and vault maps discovered:
D:1:      dpeg_arrival_leaves_temple_mockup, layout_rooms,
          hellmonk_ecumenical_altar_lost_god, serial_shops, shop
D:2:      layout_basic, serial_corexii_hall, chequers_hall_statues_corner_a,
          chequers_hall_statues_y, basic_altar, serial_shops, shop,
          uniq_crazy_yiuf_cottage

Skill      XL: |  1  2  3 |
---------------+----------+-----
Fighting       | 3 |  3.1
Stealth        | 1 |  1.2
Short Blades   | |  3.2
Dodging        | |  0.3
Spellcasting   | |  1.5
Fire Magic     | |  3.8

Action                   || total
-------------------------++-------
Melee: Short sword       ||    62
       Hand axe          ||     1
Invok: Foxfire Swarm     ||     6
 Stab: Sleeping          ||     1
Armor: Robe              ||     5
Dodge: Dodged            ||    41

Table legend: (Time is in decaauts)
 A = Elapsed time spent in this place.
 B = Non-inter-level travel time spent in this place.
 C = Inter-level travel time spent in this place.
 D = Time resting spent in this place.
 E = Time spent auto-exploring this place.
 F = Levels seen in this place.
 G = Mean time per level.
                   A        B        C        D        E       F      G
               +--------+--------+--------+--------+--------+-----+--------+
         Total |   2151 |   2151 |      0 |    516 |   1365 |   2 | 1075.5 |
       Dungeon |   2151 |   2151 |      0 |    516 |   1365 |   2 | 1075.5 |
               +--------+--------+--------+--------+--------+-----+--------+

Top non-repeatable levels by time:
     D:2: 1145 daAuts
     D:1: 1006 daAuts
